 Dungeon Crawl Stone Soup version 0.21.1-1-g345015fe64 (webtiles) character file.

11550 DildoBatman the Bewitcher (level 12, -14/91 HPs)
             Began as a Formicid Enchanter on Feb 26, 2018.
             Was a High Priest of Sif Muna.
             Demolished by Rupert
             ... wielding a +0 executioner's axe of flaming
              (38 damage)
             ... on level 12 of the Dungeon.
             The game lasted 00:45:15 (11896 turns).

DildoBatman the Bewitcher (Formicid Enchanter)     Turns: 11896, Time: 00:45:16

Health: -14/91     AC: 15    Str: 26    XL:     12   Next: 9%
Magic:  30/30      EV: 12    Int: 18    God:    Sif Muna [*****.]
Gold:   632        SH:  0    Dex: 11    Spells: 19/23 levels left

rFire    . . .     SeeInvis +   a - +2 flail (venom)
rCold    + . .     Gourm    .   (no shield)
rNeg     . . .     Faith    .   w - +5 scale mail "Suqeal" {rC+ Str+4 Int+2 Stlth-}
rPois    .         Spirit   .   (helmet unavailable)
rElec    .         Reflect  .   j - +0 cloak
rCorr    .         Harm     .   J - +0 pair of gloves
MR       +....                  (no boots)
Stlth    +.........             (no amulet)
HPRegen  0.25/turn              u - ring of magical power
MPRegen  0.22/turn              B - +5 ring of strength

@: no status effects
A: permanent stasis, dig shafts and tunnels, four strong arms, antennae 3
a: Dig, Shaft Self, Divine Energy, Channel Magic, Forget Spell, Renounce
Religion


You were on level 12 of the Dungeon.
You worshipped Sif Muna.
Sif Muna was extremely pleased with you.
You were not hungry.

You visited 2 branches of the dungeon, and saw 11 of its levels.
You also visited: Bailey.

You collected 632 gold pieces.

Inventory:

Hand Weapons
 a - a +2 flail of venom (weapon)
 b - a +4 great sword of freezing
 S - a +4 hand axe
Armour
 c - a cursed +0 ring mail
 j - a +0 cloak (worn)
 w - the +5 scale mail "Suqeal" (worn) {rC+ Str+4 Int+2 Stlth-}
   (You took it off an orc on level 5 of the Dungeon)

   It affects your strength (+4).
   It affects your intelligence (+2).
   It protects you from cold.
   It makes you less stealthy.
 J - a +0 pair of gloves (worn)
 L - a +4 ring mail
Magical Staves
 R - an uncursed staff of energy {unknown}
Jewellery
 u - a ring of magical power (left hand)
 B - a +5 ring of strength (right hand)
 C - an uncursed ring of protection from cold
 K - an uncursed amulet of harm
 Q - a +5 ring of strength
Wands
 n - a wand of scattershot (5)
 o - a wand of polymorph (25)
 r - a wand of digging (20)
 A - a wand of random effects (11)
 I - a wand of flame (12)
Scrolls
 d - a scroll of holy word {unknown}
 e - 2 scrolls of noise {unknown}
 f - a scroll of random uselessness {unknown}
 g - 3 scrolls of teleportation {unknown}
 s - 2 scrolls of magic mapping {unknown}
 x - a scroll of vulnerability {unknown}
 y - a scroll of fear {unknown}
 z - 8 scrolls of identify
 E - 5 scrolls of blinking {unknown}
 F - a scroll of brand weapon {unknown}
Potions
 h - 3 potions of haste
 i - a potion of degeneration {unknown}
 k - 4 potions of agility
 l - a potion of lignification {unknown}
 m - a potion of mutation {unknown}
 q - 2 potions of brilliance {unknown}
 t - a potion of ambrosia {unknown}
 D - a potion of curing
 H - 3 potions of might
 N - 2 potions of experience {unknown}
 O - a potion of resistance
Books
 p - a book of Maledictions

   Spells                             Type                      Level
   a - Corona                         Hexes                        1
   b - Ensorcelled Hibernation        Hexes/Ice                    2
   c - Confuse                        Hexes                        3
   d - Tukima's Dance                 Hexes                        3
   e - Dazzling Spray                 Conjuration/Hexes            3
 G - a book of Callings

   Spells                             Type                      Level
   a - Summon Small Mammal            Summoning                    1
   b - Call Imp                       Summoning                    2
   c - Call Canine Familiar           Summoning                    3
   d - Summon Guardian Golem          Hexes/Summoning              3
   e - Summon Lightning Spire         Summoning/Air                4
   f - Summon Ice Beast               Ice/Summoning                4
 M - Kem Xuhi's Catalogue of Glacial Companions
   (Sif Muna gifted it to you in a bailey)

   Spells                             Type                      Level
   a - Summon Guardian Golem          Hexes/Summoning              3
   b - Freezing Cloud                 Conjuration/Ice/Air          6
   c - Simulacrum                     Ice/Necromancy               6
   d - Summon Horrible Things         Summoning                    8
Comestibles
 v - 16 rations
 P - 6 chunks of flesh


   Skills:
 * Level 7.1 Fighting
   Level 1.0 Short Blades
 * Level 6.3 Armour
 * Level 4.1 Dodging
 * Level 7.1 Stealth
 * Level 6.1 Spellcasting
 * Level 15.8 Hexes


You had 19 spell levels left.
You knew the following spells:

 Your Spells              Type           Power        Failure   Level  Hunger
a - Corona                Hex            ######.      1%          1    None
b - Confuse               Hex            ######..     1%          3    ##.....


Dungeon Overview and Level Annotations

Branches:
Dungeon (12/15)            Temple (1/1) D:4
   Lair: D:8-11         Orc: D:9-12

Altars:
Ashenzari
Cheibriados
Dithmenos
Elyvilon
Fedhas
Gozag
Hepliaklqana
Kikubaaqudgha
Makhleb
Nemelex Xobeh
Okawaru
Qazlal
Ru
Sif Muna
Trog
Uskayaw
Vehumet
Wu Jian
Xom
Yredelemnul
Zin
The Shining One

Annotations:
D:9 KamiKatze's ghost, journeyman FoFi
D:12 Rupert


Innate Abilities, Weirdness & Mutations

You cannot be hasted, slowed, berserked, paralysed or teleported.
You can dig through walls and to a lower floor.
Your four strong arms can wield two-handed weapons with a shield.
You have a pair of large antennae on your head. (SInv)


Message History

Rupert hits you with an executioner's axe of flaming!!
Rupert burns you. The goblin barely misses you.
Rupert hits you with an executioner's axe of flaming.
Rupert burns you.
Your scale mail "Suqeal" prevents you from hitting the goblin.
Rupert hits you with an executioner's axe of flaming!
Rupert burns you. The goblin hits you but does no damage.
The goblin barely misses you.
Your scale mail "Suqeal" prevents you from hitting the goblin.
Rupert closely misses you. The goblin completely misses you.
The goblin hits you but does no damage. The goblin misses you.
The goblin barely misses you. Rupert closely misses you.
You completely miss the goblin.
Rupert hits you with an executioner's axe of flaming!!!
You die...

..> #.# # #?#
#.### #.# ##### #
#....##.###...#.#
#.......g....#
#.≈≈≈≈≈≈≈.##.#
#.##.≈#####≈....#
#...g{#@..#≈..#..#
####.≈g@g.#≈.###.#
#.≈#...#≈.# #Y#.
#.≈#####≈.# #.
.#### #.≈≈≈≈≈≈≈g#
#. ... #.........#
#Y ##.###
####..###.###.
#..... #.##
##.##.##...## #.#
##.###..<###..


You could see Rupert (berserk) and 2 goblins.

Vanquished Creatures
  An orc warlord (Bailey)
  3 two-headed ogres
  Pikel (D:8)
  A centaur skeleton (D:12)
  Prince Ribbit (D:6)
  8 yaks
  Eustachio (D:5)
  2 wyverns (D:9)
  A fire elemental (D:12)
  Edmund (D:6)
  A hell hound (D:12)
  3 slaves (D:8)
  22 orc warriors
  2 ice beasts
  3 phantoms
  A necrophage (D:7)
  A sky beast (D:6)
  A black bear (D:8)
  2 ogres
  The ghost of FortKnight the Conjurer, an amateur DrCj (D:3)
  4 centaurs
  Blork the orc (D:6)
  2 big kobolds
  6 bullfrogs
  A wyvern zombie (D:7)
  2 scorpions
  4 jellies
  4 killer bees (D:9)
  4 wights (D:8)
  3 howler monkeys
  6 crimson imps
  A centaur zombie (D:6)
  A quasit (D:9)
  2 hounds
  2 bullfrog skeletons (D:9)
  4 orc priests
  4 orc wizards
  2 iguanas (D:8)
  Ijyb (D:5)
  5 worker ants
  A killer bee zombie (D:9)
  A howler monkey skeleton (D:4)
  18 gnolls
  5 adders
  3 shadow imps
  2 oozes
  An adder skeleton (D:4)
  An adder zombie (D:7)
  6 worms
  4 dart slugs
  3 leopard geckos
  41 orcs
  A ball python (D:5)
  4 bats
  3 giant cockroaches
  26 hobgoblins
  19 jackals
  5 quokkas
  5 frilled lizards
  20 goblins
  7 kobolds
  A leopard gecko skeleton (D:7)
  2 quokka skeletons
  6 rats
301 creatures vanquished.

Vanquished Creatures (collateral kills)
  A killer bee (D:9)
1 creature vanquished.

Vanquished Creatures (others)
  A slave (D:8)
1 creature vanquished.

Grand Total: 303 creatures vanquished

Notes
Turn   | Place    | Note
-------+----------+-------------------------------------------
     0 | D:1      | DildoBatman the Formicid Enchanter began the quest for the Orb.
     0 | D:1      | Reached XP level 1. HP: 13/13 MP: 3/3
    18 | D:1      | Reached skill level 1 in Fighting
    65 | D:1      | Reached XP level 2. HP: 16/22 MP: 3/5
   511 | D:1      | Reached XP level 3. HP: 23/28 MP: 6/6
   516 | D:1      | Learned a level 3 spell: Confuse
  1238 | D:2      | Reached XP level 4. HP: 5/35 MP: 4/7
  1256 | D:2      | HP: 1/35 [poisoned by an adder]
  1774 | D:2      | Reached skill level 1 in Armour
  2689 | D:3      | Noticed FortKnight's ghost (amateur DrCj)
  2966 | D:4      | Found a staircase to the Ecumenical Temple.
  2974 | Temple   | Entered the Ecumenical Temple
  3046 | Temple   | Became a worshipper of Sif Muna the Loreminder
  3343 | D:4      | Found a white marble altar of Elyvilon.
  3432 | D:4      | Reached XP level 5. HP: 37/41 MP: 8/8
  3569 | D:4      | Reached skill level 4 in Hexes
  3803 | D:3      | Killed FortKnight's ghost
  3803 | D:3      | Reached XP level 6. HP: 38/48 MP: 9/9
  4245 | D:5      | Entered Level 5 of the Dungeon
  4327 | D:4      | Reached skill level 5 in Hexes
  4534 | D:5      | Noticed Eustachio
  4681 | D:5      | Noticed a two-headed ogre
  4847 | D:5      | Killed Eustachio
  4847 | D:5      | Reached skill level 6 in Hexes
  4847 | D:5      | Reached XP level 7. HP: 54/54 MP: 10/10
  4916 | D:4      | Reached skill level 7 in Hexes
  5106 | D:5      | Reached * piety under Sif Muna
  5146 | D:5      | Noticed Ijyb
  5157 | D:5      | Killed Ijyb
  5157 | D:5      | Reached skill level 8 in Hexes
  5217 | D:6      | Noticed Edmund
  5232 | D:5      | Reached XP level 8. HP: 27/60 MP: 11/11
  5279 | D:5      | Got a transparent scale mail
  5306 | D:5      | Identified the +5 scale mail "Suqeal" {rC+ Str+4 Int+2 Stlth-} (You took it off an orc on level 5 of the Dungeon)
  5636 | D:5      | Killed a two-headed ogre
  5636 | D:5      | Reached skill level 5 in Fighting
  5636 | D:5      | Reached skill level 5 in Stealth
  5636 | D:5      | Reached skill level 9 in Hexes
  5636 | D:5      | Reached XP level 9. HP: 55/68 MP: 14/14
  6243 | D:6      | Reached ** piety under Sif Muna
  6375 | D:6      | Noticed Prince Ribbit
  6375 | D:6      | Reached skill level 10 in Hexes
  6393 | D:6      | Killed Prince Ribbit
  6407 | D:6      | Killed Edmund
  6456 | D:6      | Noticed Blork the orc
  6474 | D:6      | Killed Blork the orc
  6474 | D:6      | Reached skill level 5 in Armour
  6545 | D:6      | Found a burning altar of Makhleb.
  6914 | D:7      | Found an ancient bone altar of Kikubaaqudgha.
  7107 | D:7      | Reached XP level 10. HP: 76/76 MP: 17/17
  7212 | D:7      | Reached skill level 5 in Spellcasting
  7391 | D:7      | Reached *** piety under Sif Muna
  7391 | D:7      | Reached skill level 11 in Hexes
  7749 | D:7      | Reached skill level 12 in Hexes
  7897 | D:8      | Noticed a two-headed ogre
  7917 | D:8      | Killed a two-headed ogre
  8235 | D:8      | Noticed Pikel
  8262 | D:8      | Killed Pikel
  8416 | D:8      | Noticed a two-headed ogre
  8436 | D:8      | Killed a two-headed ogre
  8436 | D:8      | Reached **** piety under Sif Muna
  8436 | D:8      | Reached XP level 11. HP: 67/84 MP: 20/20
  9048 | D:9      | Reached skill level 13 in Hexes
  9094 | D:9      | Noticed a two-headed ogre
  9423 | D:9      | Found a bloodstained altar of Trog.
  9513 | D:9      | Noticed KamiKatze's ghost (journeyman FoFi)
  9629 | D:9      | You fall through a shaft for 3 floors!
  9630 | D:12     | Found a white marble altar of Elyvilon.
  9638 | D:12     | Reached skill level 14 in Hexes
  9708 | D:12     | Noticed a two-headed ogre
  9919 | D:12     | Noticed Rupert
  9944 | D:12     | Found a flagged portal.
  9949 | Bailey   | Entered a bailey
 10444 | Bailey   | Reached ***** piety under Sif Muna
 10557 | Bailey   | Received a gift from Sif Muna
 10560 | Bailey   | Identified Kem Xuhi's Catalogue of Glacial Companions (Sif Muna gifted it to you in a bailey)
 11058 | Bailey   | Reached skill level 15 in Hexes
 11335 | Bailey   | Noticed an orc warlord
 11678 | Bailey   | Killed an orc warlord
 11678 | Bailey   | Reached XP level 12. HP: 88/91 MP: 21/21
 11896 | D:12     | Demolished by Rupert

Skill      XL: |  1  2  3  4  5  6  7  8  9 10 11 |
---------------+----------------------------------+-----
Fighting       | 1 2 3 4 5 7 |  7.1
Dodging        | 2 3 4 |  4.1
Stealth        | 4 5 6 7 |  7.1
Armour         | 2 3 4 5 6 |  6.3
Hexes          | 4 6 8 9 10 12 15 | 15.8
Spellcasting   | 3 4 6 |  6.1
Short Blades   | |  1.0

Action                   |  1- 3 |  4- 6 |  7- 9 | 10-12 || total
-------------------------+-------+-------+-------+-------++-------
Melee: Dagger            |    98 |    97 |    50 |    10 ||   255
       Whip              |       |     6 |       |       ||     6
       Rapier            |       |     1 |       |       ||     1
       Trident           |       |   146 |    41 |       ||   187
       Flail             |       |       |   166 |   580 ||   746
       Great sword       |       |       |       |    10 ||    10
 Cast: Corona            |    14 |    38 |    23 |    46 ||   121
       Confuse           |       |     7 |    30 |    88 ||   125
 Abil: Dig               |       |       |       |     8 ||     8
  Use: Scroll            |       |     2 |     2 |     2 ||     6
       Potion            |       |     1 |       |       ||     1
 Stab: Sleeping          |    11 |     3 |       |       ||    14
       Confused          |       |     7 |     9 |    45 ||    61
  Eat: Chunk             |     1 |    13 |     9 |    22 ||    45
       Ration            |       |       |     1 |       ||     1
Armor: Robe              |    11 |     7 |       |       ||    18
       Scale mail        |       |   110 |   102 |   276 ||   488
Dodge: Dodged            |    63 |   117 |   122 |   345 ||   647
       Rpst.: Great sword |       |       |       |     3 ||     3
